 Dungeon Crawl Stone Soup version 0.29-a0-197-ge3fb4bd5a4 (webtiles) character file.

Game seed: 9851359795348250135

34290 tilp the Frost Mage (level 13, 0/61 HPs)
             Began as a Felid Ice Elementalist on Feb 22, 2022.
             Was the Champion of Vehumet.
             Slain by an orc warlord
             ... wielding a +0 glaive
              (41 damage)
             ... on level 2 of the Orcish Mines.
             The game lasted 01:10:42 (37277 turns).

tilp the Frost Mage (Felid Ice Elementalist)       Turns: 37277, Time: 01:10:43

Health: 0/61       AC:  3    Str:  4    XL:     13   Next: 41%
Magic:  11/35      EV: 23    Int: 22    God:    Vehumet [******]
Gold:   1850       SH:  0    Dex: 16    Spells: 4/29 levels left
                                        Lives:  0   Deaths: 2

rFire   . . .      SeeInvis +     - Unarmed
rCold   + . .      Faith    .   (shield unavailable)
rNeg    . . .      Spirit   .   (body armour unavailable)
rPois   .          Reflect  .   (helmet unavailable)
rElec   .          Harm     .   (cloak unavailable)
rCorr   .          Rampage  .   (gloves unavailable)
Will    +....                   (boots unavailable)
Stlth   ++++......              (no amulet)
HPRegen 0.20/turn               c - ring of wizardry
MPRegen 0.24/turn               n - ring of magical power

@: quick
A: very small, claws 1, fangs 3, see invisible, speed 1, shaggy fur 3, stealthy
paws, no weapons or thrown items, no armour, multi-lived
a: Renounce Religion


You were on level 2 of the Orcish Mines.
You worshipped Vehumet.
Vehumet was exalted by your worship.
You visited 4 branches of the dungeon, and saw 21 of its levels.
You also visited: Volcano.

You collected 2119 gold pieces.
You spent 269 gold pieces at shops.

Inventory:

Jewellery
 c - a ring of wizardry (left paw)
 n - a ring of magical power (right paw)
 p - an amulet of guardian spirit
 s - a ring of willpower
 u - a ring of magical power
 v - an amulet of faith
 w - a ring of flight
 y - a ring of protection from fire
 A - a ring of protection from cold
Wands
 a - a wand of polymorph (15)
 h - a wand of charming (11)
 k - a wand of flame (23)
 t - a wand of iceblast (14)
 B - a wand of paralysis (9)
Scrolls
 m - a scroll of silence
 o - 8 scrolls of teleportation
 r - 3 scrolls of fear
 x - 5 scrolls of immolation
 z - 3 scrolls of vulnerability
 D - 2 scrolls of identify
 E - 4 scrolls of fog
 F - a scroll of blinking
 G - a scroll of acquirement
Potions
 b - a potion of resistance
 d - 4 potions of flight
 e - 4 potions of mutation
 f - 3 potions of attraction
 g - 3 potions of ambrosia
 i - 4 potions of brilliance
 j - 3 potions of might
 l - 3 potions of cancellation
 q - 10 potions of curing
 C - 3 potions of haste
 H - a potion of magic
 I - a potion of invisibility
 J - 2 potions of heal wounds


   Skills:
 - Level 10.0 Fighting
 - Level 10.0 Dodging
 - Level 10.0 Stealth
 - Level 8.0 Unarmed Combat
 + Level 8.6 Spellcasting
 + Level 11.0 Conjurations
 - Level 4.0 Hexes
 + Level 5.9 Translocations
 + Level 11.1 Ice Magic
 + Level 6.3 Air Magic
 - Level 6.0 Evocations


You had 4 spell levels left.
You knew the following spells:

 Your Spells              Type           Power      Damage    Failure   Level
a - Freeze                Ice            100%       1d11      1%          1
b - Frozen Ramparts       Ice            100%       1d12      1%          3
c - Ozocubu's Armour      Ice            55%        N/A       1%          3
d - Hailstorm             Conj/Ice       55%        3d12      1%          4
e - Freezing Cloud        Conj/Ice/Air   25%        6-21      1%          5
f - Iskenderun's Mystic   Conj/Tloc      46%        2d10      1%          4
g - Magic Dart            Conj           100%       1d8       1%          1
h - Ensorcelled Hibernat  Hex/Ice        84%        N/A       1%          2
i - Blink                 Tloc           70%        N/A       1%          2

Your spell library contained the following spells:

 Spells                   Type           Power      Damage    Failure   Level
 Corpse Rot               Necr/Air       46%        N/A       1%          2
 Poisonous Vapours        Pois/Air       46%        N/A       1%          2
 Gell's Gravitas          Tloc           35%        N/A       1%          3
 Lesser Beckoning         Tloc           35%        N/A       1%          3
 Mephitic Cloud           Conj/Pois/Air  35%        N/A       1%          3
 Teleport Other           Tloc           35%        N/A       1%          3
 Tukima's Dance           Hex            27%        N/A       1%          3
 Airstrike                Air            18%        N/A       1%          4
 Ignite Poison            Fire/Tmut/Pois 9%         N/A       2%          3
 Ice Form                 Ice/Tmut       33%        N/A       2%          4
 Passage of Golubria      Tloc           35%        N/A       2%          4
 Call Imp                 Summ           9%         N/A       4%          2
 Summon Lightning Spire   Summ/Air       23%        N/A       8%          4
 Anguish                  Hex/Necr       9%         N/A       12%         4
 Dispel Undead            Necr           9%         3d8       26%         4
 Lightning Bolt           Conj/Air       23%        1d39      1%          5
 Manifold Assault         Tloc           35%        N/A       7%          5
 Ozocubu's Refrigeration  Ice            27%        4d10      7%          7
 Yara's Violent Unravell  Hex/Tmut       9%         3d6       10%         5
 Dispersal                Tloc           17%        N/A       34%         6
 Death Channel            Necr           4%         N/A       98%         6
 Enfeeble                 Hex            13%        N/A       98%         7
 Polar Vortex             Ice            27%        N/A       99%         9


Dungeon Overview and Level Annotations

Branches:
Dungeon (12/15)            Temple (1/1) D:6            Lair (6/6) D:9
 Shoals (0/4) Lair:2        Snake (0/4) Lair:4        Slime (0/5) Lair:6
    Orc (2/2) D:12            Elf (0/3) Orc:2       Volcano (visited)

Altars:
Ashenzari
Cheibriados
Dithmenos
Elyvilon
Fedhas
Gozag
Hepliaklqana
Kikubaaqudgha
Makhleb
Nemelex Xobeh
Okawaru
Qazlal
Sif Muna
Uskayaw
Vehumet
Wu Jian
Xom
Zin
Jiyva

Shops:
D:3 [   D:7 ?

Annotations:
D:11 Erolcha
Lair:3 exclusions: 2 death yaks and torpor snail
Lair:4 Snorg
Orc:1 2 transporters, Kaowohi's ghost, journeyman TeGl


Innate Abilities, Weirdness & Mutations

You have sharp claws.
You have razor-sharp teeth.
You have supernaturally acute eyesight. (SInv)
You cover ground quickly. (Speed+)
Your thick and shaggy fur keeps you warm. (AC +3, rC+)
Your paws help you pounce on unaware monsters.
You are incapable of wielding weapons or throwing items.
You cannot wear armour.
You gain extra lives every three experience levels.


Message History

The orc warlord shouts!
The orc warlord is engulfed in freezing vapours.
Unknown command.
Unknown command.
Unknown command.
Casting: Freezing Cloud (dangerous; 1% risk of failure)
Confirm with . or Enter, or press ? or * to list all spells.
Aiming: Freezing Cloud (dangerous; 1% risk of failure)
Press: ? - help, Dir - move target The orc warlord is engulfed in freezing vapours.
Unknown command.
Unknown command.
The orc warlord is engulfed in freezing vapours. x2
Casting: Freezing Cloud (dangerous; 1% risk of failure)
Confirm with . or Enter, or press ? or * to list all spells.
Casting: Hailstorm (safe; 1% risk of failure)
Press: ? - help, Dir - look around, f - activate A cannonade of hail descends around you!
The hail pelts the orc warlord!
The orc warlord is heavily wounded.
The orc warlord is engulfed in freezing vapours.
Unknown command.
Unknown command.
Unknown command.
Unknown command.
Casting: Hailstorm (safe; 1% risk of failure)
Confirm with . or Enter, or press ? or * to list all spells.
You erupt in a blast of force!
The mystic blast hits the orc warlord but does no damage.
The orc warlord is heavily wounded.
The orc warlord hits you from afar with a +0 glaive!!
Unknown command.
Casting: Iskenderun's Mystic Blast (safe; 1% risk of failure)
Confirm with . or Enter, or press ? or * to list all spells.
You erupt in a blast of force!
The mystic blast hits the orc warlord but does no damage.
The orc warlord is heavily wounded.
The orc warlord hits you from afar with a +0 glaive!!!
Ouch! That really hurt!
You die...

.........[[.##
......§§§[...#
......§§§...##
..
......§§§(.[##
..
.......§§§...#
...
...#..§§§...#
....
....#..§§o.##
.#..
...#......#
....
.........@#
....
............#
....
...........##
....
.........###
....
........## ###
.........
...... ....


You could see an orc warlord.

Vanquished Creatures
  A stone giant (Volcano)
  A dire elephant (Lair:6)
  2 boulder beetles
  8 hydras
  A catoblepas (Lair:6)
  A deep troll shaman (Lair:6)
  4 two-headed ogres
  12 death yaks
  Sonja (Lair:1)
  3 skeletal warriors (D:12)
  A lindwurm (Lair:3)
  An orc knight (Orc:1)
  An orc sorcerer (Orc:2)
  4 cyclopes
  An oklob plant (Lair:6)
  8 elephants
  A black mamba (Lair:5)
  A molten gargoyle (Volcano)
  3 gargoyles (Volcano)
  9 cane toads
  A torpor snail (Lair:6)
  An unseen horror (D:11)
  An efreet (Volcano)
  7 rime drakes
  8 komodo dragons
  4 trolls
  3 polar bears
  A hornet (D:11)
  Grinder (D:6)
  19 blink frogs
  6 dream sheep (Lair:5)
  57 yaks
  12 basilisks
  12 wyverns
  6 fire bats
  A steam dragon (D:7)
  2 fire elementals (Volcano)
  2 vampire mosquitoes (D:12)
  2 wargs
  A hell hound (D:10)
  12 water moccasins
  14 orc warriors
  2 sky beasts
  4 black bears
  3 ice beasts
  3 ogres
  26 wolves
  5 centaurs
  2 phantoms
  10 bullfrogs
  5 kobold brigands
  A gnoll sergeant (D:8)
  A killer bee (D:10)
  15 wights
  3 centaur zombies
  3 lava snakes
  A jelly (D:6)
  11 orc priests
  A bullfrog zombie (D:6)
  3 gnoll shamans
  4 hounds
  5 iguanas
  11 hell rats
  19 orc wizards
  Robin (D:4)
  A howler monkey zombie (D:5)
  20 gnolls
  A howler monkey skeleton (D:7)
  7 adders
  A shadow imp (D:5)
  A white imp (D:6)
  An adder zombie (D:5)
  An adder skeleton (D:5)
  A worm (D:4)
  2 dart slugs (D:2)
  69 orcs
  6 ball pythons
  5 bats
  5 endoplasms
  2 giant cockroaches
  9 goblins
  12 hobgoblins
  4 jackals (D:4)
  A quokka (D:4)
  3 frilled lizards
  32 kobolds
  2 rats
  A bush (Lair:6)
  2 butterflies (Lair:4)
  3 fire vortices (D:10)
568 creatures vanquished.

Vanquished Creatures (others)
  An orc wizard (D:7)
  A bush (Lair:6)
  37 fungi
  46 plants
85 creatures vanquished.

Grand Total: 653 creatures vanquished

Notes
Turn   | Place    | Note
-------+----------+-------------------------------------------
     0 | D:1      | tilp the Felid Ice Elementalist began the quest for the
                  | Orb.
     0 | D:1      | Reached XP level 1. HP: 7/7 MP: 4/4
   898 | D:1      | Reached XP level 2. HP: 11/11 MP: 6/6
  1500 | D:2      | Found a radiant altar of Vehumet.
  1532 | D:2      | Became a worshipper of Vehumet
  1561 | D:2      | Found a faded altar of an unknown god.
  1644 | D:2      | Learned a level 2 spell: Blink
  1687 | D:2      | Reached XP level 3. HP: 14/14 MP: 2/7
  1691 | D:2      | Learned a level 3 spell: Frozen Ramparts
  2783 | D:3      | Noticed a sky beast
  2795 | D:3      | Killed a sky beast
  2796 | D:3      | Reached skill level 5 in Ice Magic
  2796 | D:3      | Reached XP level 4. HP: 18/18 MP: 2/9
  2796 | D:3      | Reached XP level 5. HP: 21/21 MP: 2/10
  2800 | D:3      | Learned a level 3 spell: Ozocubu's Armour
  3127 | D:3      | Found a burning altar of Makhleb.
  3132 | D:3      | Reached * piety under Vehumet
  3132 | D:3      | Offered knowledge of Magic Dart by Vehumet.
  3137 | D:3      | Learned a level 1 spell: Magic Dart
  3281 | D:3      | Found Quzogiyl's Armour Boutique.
  3557 | D:4      | Found a snail-covered altar of Cheibriados.
  3566 | D:4      | Noticed a phantom
  3908 | D:4      | Gained mutation: You are covered in thick fur. (AC +2)
                  | [Felid growth]
  3908 | D:4      | Reached XP level 6. HP: 24/25 MP: 2/11
  3917 | D:4      | Reached skill level 1 in Fighting
  3917 | D:4      | Reached skill level 1 in Unarmed Combat
  4119 | D:4      | Noticed Robin
  4203 | D:4      | Found an ornate altar of the Wu Jian Council.
  4383 | D:4      | Killed Robin
  4853 | D:4      | Offered knowledge of Foxfire by Vehumet.
  4856 | D:4      | Reached ** piety under Vehumet
  5024 | D:5      | Entered Level 5 of the Dungeon
  5034 | D:5      | Noticed an ice beast
  5363 | D:5      | Reached XP level 7. HP: 30/30 MP: 9/12
  6475 | D:5      | Reached skill level 5 in Stealth
  6787 | D:6      | Noticed a komodo dragon
  7161 | D:6      | Reached XP level 8. HP: 36/36 MP: 5/13
  7460 | D:6      | Found a sparkling altar of Nemelex Xobeh.
  7594 | D:6      | Found a staircase to the Ecumenical Temple.
  7597 | Temple   | Entered the Ecumenical Temple
  7836 | D:6      | Reached skill level 1 in Translocations
  8130 | D:6      | Noticed Grinder
  8415 | D:7      | Found Patillo's Magic Scroll Boutique.
  8429 | D:7      | Reached skill level 1 in Conjurations
  8429 | D:7      | Reached skill level 1 in Evocations
  8464 | D:7      | Bought a scroll of silence for 112 gold pieces
  8464 | D:7      | Bought a scroll of identify for 30 gold pieces
  8464 | D:7      | Bought a scroll of fear for 52 gold pieces
  8464 | D:7      | Bought a scroll of identify for 30 gold pieces
  8464 | D:7      | Bought a scroll of teleportation for 45 gold pieces
  8565 | D:7      | Found a hide-covered altar of Uskayaw.
  8800 | D:4      | Learned a level 4 spell: Hailstorm
 10201 | D:7      | Found a broken altar of Ashenzari.
 10212 | D:7      | Offered knowledge of Conjure Flame by Vehumet.
 10213 | D:7      | Reached XP level 9. HP: 19/39 MP: 10/15
 10799 | D:7      | Found a hazy altar of Hepliaklqana.
 10800 | D:7      | Found a shimmering altar of Xom.
 10801 | D:7      | Noticed a spectral ugly thing
 11432 | D:7      | Reached *** piety under Vehumet
 12001 | D:8      | Found an ancient bone altar of Kikubaaqudgha.
 12112 | D:8      | Offered knowledge of Flame Wave by Vehumet.
 12113 | D:8      | Reached skill level 5 in Conjurations
 12116 | D:8      | Reached skill level 5 in Spellcasting
 12825 | D:9      | Noticed a troll
 12844 | D:9      | Killed a troll
 12845 | D:9      | Reached XP level 10. HP: 42/42 MP: 16/18
 13019 | D:9      | Noticed a two-headed ogre
 13270 | D:9      | Reached skill level 5 in Dodging
 13555 | D:9      | Killed a two-headed ogre
 13555 | D:9      | Reached **** piety under Vehumet
 13556 | D:9      | Reached skill level 5 in Fighting
 13556 | D:9      | Reached skill level 5 in Unarmed Combat
 13830 | D:9      | Found a shimmering blue altar of Sif Muna.
 13847 | D:9      | Offered knowledge of Inner Flame by Vehumet.
 14171 | D:9      | Noticed a death yak
 14646 | D:10     | Entered Level 10 of the Dungeon
 15447 | D:10     | Noticed Maurice
 15470 | D:10     | Learned a level 5 spell: Freezing Cloud
 15732 | D:10     | Reached skill level 1 in Air Magic
 16272 | D:10     | Got the Handbook of the Snowflakes
 16350 | D:10     | Reached XP level 11. HP: 48/48 MP: 19/19
 16371 | D:10     | Noticed Maurice
 16371 | D:10     | Maurice changed into Maurice the iguana
 16380 | D:10     | Killed Maurice the iguana
 17743 | D:10     | Upgraded the game from 0.29-a0-187-ga23d9638d5 to
                  | 0.29-a0-197-ge3fb4bd5a4
 17777 | D:11     | Noticed a two-headed ogre
 17819 | D:11     | Killed a two-headed ogre
 18811 | D:11     | Noticed Erolcha
 20016 | D:6      | Killed Grinder
 20335 | D:9      | Found a staircase to the Lair.
 20360 | D:9      | HP: 2/48 [death yak (3)]
 20372 | D:9      | Killed a death yak
 20721 | D:9      | Reached ***** piety under Vehumet
 20790 | D:9      | Offered knowledge of Conjure Ball Lightning by Vehumet.
 20841 | D:9      | Learned a level 2 spell: Ensorcelled Hibernation
 20850 | Lair:1   | Entered Level 1 of the Lair of Beasts
 20964 | Lair:1   | Reached skill level 1 in Hexes
 21286 | Lair:1   | Noticed Sonja
 21287 | Lair:1   | Noticed a six-headed hydra
 21306 | Lair:1   | Killed a six-headed hydra
 21307 | Lair:1   | Gained mutation: Your thick and shaggy fur keeps you warm.
                  | (AC +3, rC+) [Felid growth]
 21307 | Lair:1   | Reached XP level 12. HP: 52/52 MP: 17/22
 21410 | Lair:1   | Reached skill level 10 in Ice Magic
 21589 | Lair:1   | Noticed a five-headed hydra
 21593 | Lair:1   | Killed Sonja
 21625 | Lair:1   | Killed a five-headed hydra
 22465 | Lair:1   | Reached skill level 10 in Conjurations
 23385 | Lair:2   | Noticed a five-headed hydra
 23411 | Lair:2   | Killed a five-headed hydra
 23655 | Lair:2   | Noticed an eight-headed hydra
 23661 | Lair:2   | Killed an eight-headed hydra
 23839 | Lair:2   | Reached skill level 5 in Evocations
 23851 | Lair:2   | Found a staircase to the Shoals.
 24266 | Lair:2   | Noticed a boulder beetle
 24303 | Lair:2   | Killed a boulder beetle
 25405 | Lair:3   | Noticed a death yak
 25483 | Lair:3   | Reached XP level 13. HP: 53/57 MP: 24/24
 25525 | Lair:3   | Found a dark tunnel.
 25624 | Volcano  | Entered a volcano
 25812 | Volcano  | Found a radiant altar of Vehumet.
 25964 | Volcano  | Noticed a stone giant
 26207 | Volcano  | Hit by a large rock thrown by a stone giant
 26208 | Volcano  | Reached XP level 12. HP: -8/54 MP: 16/23
 26238 | Volcano  | Killed a stone giant
 27242 | Lair:3   | Noticed a death yak
 27463 | Lair:4   | Reached skill level 10 in Stealth
 28128 | Lair:4   | Noticed Snorg
 28433 | Lair:4   | You fall into a shaft and drop 2 floors!
 28433 | Lair:6   | Entered Level 6 of the Lair of Beasts
 28433 | Lair:6   | Noticed a deep troll shaman
 28433 | Lair:6   | Noticed a dire elephant
 28435 | Lair:6   | Noticed a death yak
 28487 | Lair:5   | Identified a scroll of acquirement
 28565 | Lair:4   | Noticed a boulder beetle
 28573 | Lair:4   | Found a staircase to the Snake Pit.
 28598 | Lair:4   | Killed a boulder beetle
 29164 | Lair:5   | Reached skill level 10 in Dodging
 29446 | Lair:5   | Noticed a four-headed hydra
 29447 | Lair:5   | Reached XP level 13. HP: 41/60 MP: 23/24
 29676 | Lair:5   | Reached skill level 10 in Fighting
 29987 | Lair:6   | Found a staircase to the Slime Pits.
 29988 | Lair:6   | Found a viscous altar of Jiyva.
 32135 | Lair:6   | Reached ****** piety under Vehumet
 32137 | Lair:6   | Reached skill level 5 in Air Magic
 33086 | Lair:6   | Offered knowledge of Iskenderun's Mystic Blast by Vehumet.
 33092 | Lair:6   | Learned a level 4 spell: Iskenderun's Mystic Blast
 33239 | Lair:6   | Mangled by a dire elephant
 33240 | Lair:6   | Reached XP level 12. HP: -9/58 MP: 18/34
 33315 | Lair:6   | Killed a dire elephant
 33316 | Lair:6   | Reached XP level 13. HP: 61/61 MP: 8/26
 33652 | Lair:6   | Identified the +4 dagger of Giuhol {vorpal, Dex+6}
 34410 | D:12     | Found a staircase to the Orcish Mines.
 35443 | D:12     | Reached skill level 5 in Translocations
 35570 | Orc:1    | Entered Level 1 of the Orcish Mines
 36031 | Orc:1    | Found a transporter.
 36094 | Orc:1    | Noticed Kaowohi's ghost (journeyman TeGl)
 36196 | Orc:1    | Found a transporter.
 36701 | Orc:2    | Entered Level 2 of the Orcish Mines
 36708 | Orc:2    | Noticed an orc warlord
 37228 | Orc:2    | Found a staircase to the Elven Halls.
 37277 | Orc:2    | Slain by an orc warlord

Illustrated notes

Levels and vault maps discovered:
D:1:      nzn_arrival_settlement, layout_basic
D:2:      layout_basic, ebering_ecumenical_altar_petrified, basic_altar,
          palyth_stone_intersect, minmay_misc_feat_encased, grunt_decor_fettered
D:3:      layout_rooms, mainiacjoe_overflow_alcove_2, serial_shops,
          nicolae_shop_temple_entry_statues_fountains
D:4:      layout_rooms, lemuel_crystal_altar, cheibriados_altar_1, uniq_robin
D:5:      black_bear_nest_1, layout_loops_ring, kennysheep_generic_room_14
D:6:      layout_basic, lemuel_doored_altar, minmay_temple_entry_nine_rooms,
          minmay_misc_feat_chi, small_statue_intersection, uniq_grinder
D:7:      layout_cave_pods, regret_index_temple_of_mockery,
          evilmike_ruin_ashenzari, nicolae_uskayaw_murder_on_the_dancefloor,
          serial_shops, nicolae_square_shop
D:8:      layout_loops_ring, mainiacjoe_overflow_boulevard
D:9:      layout_basic, mainiacjoe_overflow_chevrons, david_lair_generic,
          nrook_uturn
D:10:     layout_basic, grunt_ministairs_11, st_stairs_5, skrybe_limestone_x,
          hangedman_incinerator, uniq_maurice
D:11:     layout_stronghold, uniq_erolcha
D:12:     layout_loops_ring, hiddenorc1_lemuel
Temple:   nicolae_temple_x_marks_the_god
Lair:1:   layout_hall_layers, serial_bayou_lagoon_b, uniq_sonja
Lair:2:   layout_regular_city, elwin_shoals_entry_rocks, hibernation_bobbens
Lair:3:   layout_cave_pods, nicolae_volcano_entry_vermiform,
          infiniplex_staircase_pool
Lair:4:   layout_gridlike, dummy_snake_entry, grunt_megastairs_2,
          lemuel_fruit_fields, uniq_snorg
Lair:5:   layout_roguey, special_room [special_room_mythical_zoo]
Lair:6:   grunt_lair_end_beastmaster, layout_gridlike, slime_altar_1
Orc:1:    layout_caves, gammafunk_ghost_stat_death
Orc:2:    grunt_orc_community_town_hall, layout_caves,
          grunt_orc_community_big_house_1, grunt_orc_community_big_house_2,
          grunt_orc_community_house_1, grunt_orc_community_house_1,
          grunt_orc_community_house_2, grunt_orc_community_house_3,
          grunt_orc_community_house_1, serial_shops, shop,
          nicolae_shop_firing_range, uniq_donald

Skill      XL: |  1  2  3  4  5  6  7  8  9 10 11 12 13 |
---------------+----------------------------------------+-----
Ice Magic      | 4 5 6 7 8 9 10 11 | 11.1
Spellcasting   | 3 5 6 7 8 |  8.6
Stealth        | 3 5 6 8 10 | 10.0
Fighting       | 2 4 6 9 10 | 10.0
Unarmed Combat | 2 4 6 8 7 |  8.0
Dodging        | 3 4 6 10 8 | 10.0
Translocations | 3 4 5 |  5.9
Conjurations   | 2 6 8 10 11 | 11.0
Evocations     | 2 4 6 |  6.0
Air Magic      | 1 3 4 6 |  6.3
Hexes          | 2 4 |  4.0

Action                   |  1- 3 |  4- 6 |  7- 9 | 10-12 | 13-15 || total
-------------------------+-------+-------+-------+-------+-------++-------
Melee: Unarmed           |    13 |    29 |   101 |   144 |    62 ||   349
       Bite              |       |     4 |    11 |    20 |    18 ||    53
       Punch             |       |       |     1 |    11 |     5 ||    17
 Cast: Freeze            |    37 |    29 |    53 |    42 |     5 ||   166
       Frozen Ramparts   |     5 |    25 |    34 |    51 |    29 ||   144
       Ozocubu's Armour  |       |    15 |    32 |    51 |    32 ||   130
       Magic Dart        |       |     4 |    14 |     3 |       ||    21
       Hailstorm         |       |       |    41 |   123 |    66 ||   230
       Blink             |       |       |     1 |     7 |     1 ||     9
       Freezing Cloud    |       |       |       |    68 |    98 ||   166
       Iskenderun's Myst |       |       |       |     1 |    30 ||    31
       Ensorcelled Hiber |       |       |       |       |     1 ||     1
Evoke: Wand              |       |       |    10 |     7 |     3 ||    20
  Use: Scroll            |     4 |     1 |    13 |     9 |     3 ||    30
       Potion            |       |       |       |     1 |     2 ||     3
 Stab: Sleeping          |    11 |     2 |     8 |    15 |     6 ||    42
       Paralysed         |       |       |       |     5 |       ||     5
Armor: Skin              |     1 |     8 |    32 |    39 |     9 ||    89
Dodge: Dodged            |    25 |    53 |   134 |   213 |    88 ||   513

Table legend: (Time is in decaauts)
 A = Elapsed time spent in this place.
 B = Non-inter-level travel time spent in this place.
 C = Inter-level travel time spent in this place.
 D = Time resting spent in this place.
 E = Time spent auto-exploring this place.
 F = Levels seen in this place.
 G = Mean time per level.
                   A        B        C        D        E       F      G
               +--------+--------+--------+--------+--------+-----+--------+
         Total |  33916 |  32028 |   1888 |  12779 |  14860 |  22 | 1541.6 |
       Dungeon |  20304 |  18930 |   1374 |   6595 |  10056 |  12 | 1692.0 |
        Temple |    233 |    233 |      0 |    232 |      0 |   1 |  233.0 |
          Lair |  11003 |  10605 |    398 |   4742 |   4317 |   6 | 1833.8 |
  Orcish Mines |   1585 |   1470 |    115 |    707 |    485 |   2 |  792.5 |
       Volcano |    790 |    790 |      0 |    501 |      1 |   1 |  790.0 |
               +--------+--------+--------+--------+--------+-----+--------+

Top non-repeatable levels by time:
    D:10: 3026 daAuts
  Lair:6: 2885 daAuts
     D:9: 2188 daAuts
  Lair:1: 2142 daAuts
  Lair:2: 2104 daAuts
    D:11: 2052 daAuts
     D:5: 2015 daAuts
     D:6: 1920 daAuts
     D:7: 1798 daAuts
  Lair:5: 1683 daAuts
     D:4: 1574 daAuts
   Orc:1: 1387 daAuts
    D:12: 1338 daAuts
     D:1: 1309 daAuts
  Lair:4: 1165 daAuts
